 Dungeon Crawl Stone Soup version 0.31-a0-217-g58bb5d79cf (webtiles) character file.

Game seed: 9671652475085253647

238 qw the Shooter (level 5, -3/45 HPs)
             Began as a Minotaur Hexslinger on July 2, 2023.
             Slain by a gnoll
             ... wielding a +0 whip
             ... led by a gnoll bouda
              (7 damage)
             ... on level 4 of the Dungeon.
             The game lasted 00:00:59 (2415 turns).

qw the Shooter (Minotaur Hexslinger)                Turns: 2415, Time: 00:01:00

Health: -3/45      AC:  5    Str: 12    XL:     5   Next: 78%
Magic:  5/5        EV: 11    Int: 10    God:
Gold:   172        SH:  0    Dex: 15    Spells: 5/6 levels left

rFire   . . .        Y - +1 sling (drain)
rCold   . . .        (no shield)
rNeg    . . .        g - +0 ring mail
rPois   .            (helmet restricted)
rElec   .            (no cloak)
rCorr   .            (no gloves)
SInv    +            (no boots)
Will    .....        (no amulet)
Stlth   +            f - ring of see invisible
HPRegen 0.27/turn    (no ring)
MPRegen 0.09/turn

%: clarity
@: no status effects
A: horns 2, retaliatory headbutt, clarity
a: no special abilities


You were on level 4 of the Dungeon.
You visited 1 branch of the dungeon, and saw 4 of its levels.

You collected 172 gold pieces.


Innate Abilities, Weirdness & Mutations

You have a pair of horns on your head.
You reflexively headbutt those who attack you in melee.
You possess an exceptional clarity of mind.


   Skills:
 + Level 3.2 Fighting
 - Level 6.0 Ranged Weapons
 - Level 1.0 Armour
 - Level 2.1 Dodging
 - Level 1.0 Spellcasting
 - Level 2.0 Hexes


You had 5 spell levels left.
You knew the following spells:

 Your Spells              Type           Power      Damage    Failure   Level
a - Slow                  Hex            16%        N/A       34%         1

Your spell library contained the following spells:

 Spells                   Type           Power      Damage    Failure   Level
 Inner Flame              Hex/Fire       2%         N/A       83%         3
 Portal Projectile        Hex/Tloc       4%         N/A       83%         3
 Cause Fear               Hex            2%         N/A       98%         4

Inventory:

Hand Weapons
 Y - a +1 sling of draining (weapon)
Armour
 g - a +0 ring mail (worn)
Jewellery
 f - a ring of see invisible (left hand)
Scrolls
 a - a scroll of identify
Potions
 c - a potion of attraction {unknown}
 d - a potion of cancellation {unknown}
 e - a potion of curing
 h - a potion of invisibility {unknown}
 i - a potion of heal wounds {unknown}
 j - 2 potions of mutation

Dungeon Overview and Level Annotations

Branches:
Dungeon (4/15)
 Temple: D:4-7

Altars:
Qazlal
Ru


Message History

The goblin hits you but does no damage. The gnoll closely misses you.
You shoot a sling bullet.
The sling bullet closely misses the gnoll bouda.
The orc shouts!
The sling bullet hits the orc.
You drain the orc.
The orc is severely wounded.
The gnoll hits you with a +0 whip. The gnoll bouda barely misses you.
The gnoll closely misses you. The goblin hits you with a +0 dagger.
The gnoll hits you but does no damage.
You shoot a sling bullet.
The sling bullet hits the orc but does no damage.
The orc is severely wounded.
The gnoll bouda hits you with a +0 whip.
The orc barely misses you. The goblin hits you but does no damage.
The gnoll hits you from afar with a +0 spear.
The gnoll barely misses you. x2
The gnoll bouda hits you with a +0 whip.
The goblin hits you but does no damage. The orc hits you but does no damage.
The orc closely misses you.
You shoot a sling bullet. The sling bullet barely misses the orc.
The gnoll closely misses you. The gnoll bouda barely misses you.
The orc closely misses you. You furiously retaliate!
You headbutt the orc!
You kill the orc!
The gnoll hits you from afar with a +0 spear.
The orc hits you with a +0 flail of protection.
The goblin closely misses you.
You shoot a sling bullet.
The sling bullet hits the gnoll bouda but does no damage.
You drain the gnoll bouda.
The gnoll bouda is lightly wounded.
The gnoll is no longer moving quickly.
The gnoll barely misses you.
The gnoll bouda barks out a call to the hunt!
The gnoll picks up the pace!
The orc hits you with a +0 flail of protection!
The goblin hits you but does no damage. The gnoll hits you but does no damage.
You shoot a sling bullet.
The sling bullet barely misses the gnoll bouda.
The sling bullet barely misses the orc.
The gnoll is no longer moving quickly.
The gnoll hits you with a +0 whip!
You die...

#######.# #.....#.#
#.###.#.# #####
#<......# #...#
#.#.....# #...# #
#.#.....#####..)######
#.#.......#.....@go.....
#.####....#....ogg......
#.........#.......g.....
##....###.#.............
##....###...............
#.......................
#........>............##
#.........#......####.#
###########...)..#


You could see a gnoll bouda (very drained), 2 gnolls, 2 orcs and a goblin.

Vanquished Creatures
  A scorpion (D:4)
  An orc priest (D:3)
  4 adders
  3 gnolls (D:4)
  A worm (D:2)
  2 dart slugs (D:1)
  5 orcs
  7 bats
  6 endoplasms
  4 giant cockroaches
  12 goblins
  6 hobgoblins
  6 kobolds
  3 quokkas
  6 ball pythons
  3 frilled lizards
  3 rats
73 creatures vanquished.

Notes
Turn   | Place    | Note
-------+----------+-------------------------------------------
     0 | D:1      | qw the Minotaur Hexslinger began the quest for the Orb.
     0 | D:1      | Reached XP level 1. HP: 16/16 MP: 1/1
     0 | D:1      | 0 ||| qw: Version: 0.3-a-40-ge99b1a8
     0 | D:1      | 0 ||| qw: Game counter: 107
     0 | D:1      | 0 ||| qw: Melee chars always use a shield: true
     0 | D:1      | 0 ||| qw: God list: Okawaru
     0 | D:1      | 0 ||| qw: Allow faded altars: false
     0 | D:1      | 0 ||| qw: Do Orc after clearing Dungeon:15 true
     0 | D:1      | 0 ||| qw: Do second Lair branch before Depths: true
     0 | D:1      | 0 ||| qw: Lair rune preference: random
     0 | D:1      | 0 ||| qw: Goals: Normal
     0 | D:1      | 0 ||| PLANNING D:1-11
   132 | D:1      | Reached skill level 3 in Ranged Weapons
   184 | D:1      | Reached XP level 2. HP: 23/23 MP: 2/2
   650 | D:1      | Reached XP level 3. HP: 19/29 MP: 3/3
   860 | D:1      | 860 ||| UPGRADING to +0 ring mail.
   870 | D:1      | 870 ||| DROPPING +0 robe.
   871 | D:1      | 871 ||| READING 3 scrolls labelled ASYGYJ LESIE.
   872 | D:1      | 872 ||| READING scroll labelled EBBIZX UNTYBB.
   873 | D:1      | 873 ||| READING 2 scrolls labelled MAIKAE ISHRORA.
   874 | D:1      | 874 ||| READING 2 scrolls labelled HOFRIZU ANUTRE.
   875 | D:1      | 875 ||| DRINKING 2 green potions.
   875 | D:1      | Gained mutation: You possess an exceptional clarity of
                  | mind. [potion of mutation]
   876 | D:1      | 876 ||| READING 2 scrolls of identify.
   876 | D:1      | 876 ||| IDENTIFYING brown potion
   877 | D:1      | 877 ||| DROPPING scroll of poison.
   878 | D:1      | 878 ||| DROPPING scroll of vulnerability.
   879 | D:1      | 879 ||| DROPPING scroll of amnesia.
   976 | D:2      | Identified the +2 robe of Mutualism {*Slow Int+8 Archmagi}
  1137 | D:2      | Reached skill level 4 in Ranged Weapons
  1301 | D:2      | Reached skill level 1 in Armour
  1586 | D:2      | 1586 ||| DROPPING +2 robe of Mutualism {*Slow Int+8
                  | Archmagi}.
  1587 | D:2      | 1587 ||| READING 3 scrolls of identify.
  1587 | D:2      | 1587 ||| IDENTIFYING metallic yellow potion
  1588 | D:2      | 1588 ||| READING 2 scrolls of identify.
  1588 | D:2      | 1588 ||| IDENTIFYING pink potion
  1589 | D:2      | 1589 ||| DROPPING potion of ambrosia.
  1590 | D:2      | 1590 ||| DROPPING potion of degeneration.
  1627 | D:3      | Reached XP level 4. HP: 36/36 MP: 4/4
  2179 | D:3      | Found a sacrificial altar of Ru.
  2179 | D:3      | Found a stormy altar of Qazlal.
  2188 | D:3      | 2188 ||| Stepping ~*~*~tactically~*~*~ (outnumbered).
  2190 | D:3      | 2190 ||| Stepping ~*~*~tactically~*~*~ (outnumbered).
  2199 | D:3      | Reached skill level 5 in Ranged Weapons
  2208 | D:3      | Reached XP level 5. HP: 26/44 MP: 5/5
  2290 | D:3      | Reached skill level 3 in Fighting
  2350 | D:3      | 2350 ||| UPGRADING to ring of see invisible.
  2351 | D:3      | 2351 ||| READING scroll labelled JUEPTIKL EMEU.
  2352 | D:3      | 2352 ||| READING scroll labelled WENOCA AWUI.
  2406 | D:4      | Reached skill level 6 in Ranged Weapons
  2413 | D:4      | HP: 11/45 [orc/+0 flail of protection (3)]
  2414 | D:4      | HP: 4/45 [orc/+0 flail of protection (8)]
  2415 | D:4      | Slain by a gnoll

Levels and vault maps discovered:
D:1:      onia_arrival_mini_spirals, layout_loops_corners
D:2:      layout_loops_ring
D:3:      layout_basic, gammafunk_temple_overflow_elements
D:4:      layout_basic, temple_doors_ab, uniq_grinder, uniq_menkaure

Skill      XL: |  1  2  3  4  5 |
---------------+----------------+-----
Ranged Weapons | 3 4 5 6 |  6.0
Fighting       | 2 3 |  3.2
Armour         | 1 |  1.0
Dodging        | |  2.1
Spellcasting   | |  1.0
Hexes          | |  2.0

Action                     |  1- 3 |  4- 6 || total
---------------------------+-------+-------++-------
   Fire: Sling             |   136 |    91 ||   227
    Use: Scroll            |     7 |     2 ||     9
         Potion            |     1 |       ||     1
 Armour: Robe              |     6 |       ||     6
         Ring mail         |    12 |    34 ||    46
  Dodge: Dodged            |    33 |    49 ||    82

Table legend:
 A = Non-vault XP
 B = Vault XP
 C = Vault XP percentage of total XP
 D = Non-vault monster count
 E = Vault monster count
 F = Vault count percentage of total count
                 A         B        C        D         E       F
            +---------+---------+-------+---------+---------+-------
      Total |     341 |       0 |   0.0 |      73 |       0 |   0.0
            +---------+---------+-------+---------+---------+-------
        D:1 |      41 |       0 |   0.0 |      22 |       0 |   0.0
        D:2 |      53 |       0 |   0.0 |      23 |       0 |   0.0
        D:3 |     118 |       0 |   0.0 |      22 |       0 |   0.0
        D:4 |     129 |       0 |   0.0 |       6 |       0 |   0.0
            +---------+---------+-------+---------+---------+-------
